Map: Daybreak LE (Void)

Players

Rob - Winner!

  • Race: Protoss Protoss
  • League: Grandmaster
  • Spawn Location: 7:00

Jason

  • Race: Terran Terran
  • League: Grandmaster
  • Spawn Location: 1:00

VOD

Have the link to the VOD?

Description

Time

  • Played on: May 14, 2019, 2:22 p.m.
  • Length: 10:44
Show
View Real Time Build Order
Export as new Build Order

Rob Protoss - Winner!

Build Orders: 1 Gate Expand, Oracle Opening 

Get SALT Encoding   

  12  0:00  Probe  
  13  0:12  Probe  
  14  0:17  Pylon  
  14  0:24  Probe  
  15  0:32  Probe  
  15  0:37  Gateway  
  15  0:40  Probe  
  16  0:48  Assimilator  
  17  0:51  Probe  
  18  1:03  Probe  
  19  1:22  Nexus  
  19  1:32  Cybernetics Core  
  19  1:33  Probe  
  20  1:41  Assimilator, Probe  
  21  1:50  Assimilator  
  21  1:51  Probe  
  23  2:08  Adept  
  23  2:14  Pylon  
  22  2:23  Probe  
  22  2:33  Adept  
  22  2:34  Probe  
  22  2:35  Probe  
  26  2:47  Probe  
  26  2:49  Probe  
  28  2:56  Stargate  
  28  3:01  Probe x2  
  30  3:12  Stalker  
  32  3:13  Probe  
  32  3:16  Probe  
  34  3:25  Probe  
  34  3:28  Probe  
  34  3:31  Oracle  
  35  3:38  Probe  
  38  3:42  Stalker, Probe  
  38  3:46  Probe  
  42  3:54  Probe  
  44  3:56  Probe  
  45  4:06  Probe  
  45  4:08  Pylon  
  46  4:20  Oracle  
  46  4:23  Probe x2  
  47  4:35  Probe x2  
  49  4:47  Nexus  
  49  4:50  Probe  
  49  4:51  Probe  
  51  4:54  Twilight Council  
  51  4:55  Pylon  
  51  4:56  Gateway  
  51  4:58  Warp Gate, Gateway  
  51  5:04  Probe, Shield Battery  
  52  5:08  Pylon  
  52  5:12  Blink, Gateway  
  52  5:13  Oracle  
  55  5:15  Gateway  
  52  5:30  Probe x2  
  52  5:33  Stalker  
  53  5:38  Gateway  
  53  5:39  Gateway  
  53  5:43  Probe  
  53  5:44  Probe  
  55  5:54  Stalker x2  
  55  5:55  Probe  
  55  5:56  Probe  
  61  6:02  Gateway  
  61  6:05  Probe  
  61  6:08  Probe x2  
  64  6:17  Probe  
  65  6:19  Stalker x2  
  65  6:20  Stalker  
  65  6:25  Pylon  
  71  6:26  Pylon x2  
  71  6:29  Robotics Facility  
  71  6:33  Probe  
  71  6:35  Assimilator  
  71  6:37  Assimilator  
  72  6:55  Stalker  
  72  6:56  Stalker x2  
  72  6:58  Probe x3  
  81  7:04  Pylon  
  81  7:05  Pylon  
  81  7:07  Forge, Warp Prism  
  81  7:10  Probe x2  
  81  7:11  Probe  
  81  7:12  Stalker x3  
  90  7:20  Pylon  
  92  7:33  Pylon  
  92  7:35  Pylon  
  92  7:36  Charge  
  92  7:38  Stalker  
  92  7:39  Stalker x5  
  104  7:54  Stalker x2  
  104  7:57  Assimilator  
  108  7:59  Assimilator  
  108  8:10  Zealot x6  
  120  8:19  Zealot  
  122  8:26  Pylon  
  118  8:27  Pylon  
  118  8:29  Protoss Ground Weapons Level 1  
  118  8:32  Stalker x5  
  118  8:33  Stalker  
  130  8:44  Probe x2  
  130  8:45  Probe  
  130  8:46  Pylon  
  133  8:48  Pylon  
  133  8:53  Photon Cannon x2  
  133  8:55  Photon Cannon  
  133  9:05  Stalker x3  
  133  9:08  Forge  
  132  9:18  Zealot x3  
  136  9:42  Zealot  
  136  9:46  Warp Prism  
  136  9:48  Stalker x3  
  142  9:54  Nexus  
  128  10:11  Stalker x6  
  140  10:18  Zealot x2  
Show
View Real Time Build Order
Export as new Build Order

Jason Terran 

Build Orders: Gas First Reaper Expand 

Get SALT Encoding   

  12  0:00  SCV  
  13  0:12  SCV  
  14  0:18  Supply Depot  
  14  0:24  SCV  
  15  0:35  Refinery  
  15  0:46  Barracks  
  15  1:02  SCV  
  16  1:14  SCV  
  17  1:29  SCV  
  18  1:33  Reaper  
  19  1:42  Orbital Command  
  19  1:59  Command Center  
  20  2:11  Factory  
  19  2:15  SCV  
  20  2:30  SCV  
  20  2:44  SCV, Supply Depot  
  21  2:47  Refinery  
  21  2:55  Widow Mine  
  21  2:56  Starport  
  23  3:06  SCV  
  23  3:19  Orbital Command  
  23  3:22  Hellion, Barracks Reactor  
  25  3:30  SCV  
  26  3:35  Viking  
  28  3:42  SCV  
  28  3:44  Widow Mine  
  31  3:53  SCV  
  31  3:55  SCV  
  33  4:05  SCV  
  33  4:07  SCV  
  35  4:17  SCV  
  35  4:19  SCV  
  35  4:29  Viking, SCV  
  37  4:31  SCV  
  37  4:32  Widow Mine  
  38  4:41  SCV  
  38  4:43  SCV, Marine x2  
  41  4:53  SCV  
  41  4:55  SCV  
  41  4:56  Barracks  
  41  4:58  Barracks  
  43  5:06  SCV  
  44  5:07  SCV  
  44  5:08  Bunker  
  44  5:11  Marine  
  46  5:14  Factory Tech Lab  
  46  5:16  Starport Tech Lab  
  46  5:17  Marine  
  46  5:18  SCV  
  46  5:19  SCV  
  43  5:30  SCV  
  43  5:31  SCV  
  45  5:42  SCV, Marine x2, Refinery  
  48  5:43  Supply Depot  
  48  5:44  SCV  
  48  5:45  Starport Reactor  
  49  5:50  Barracks  
  49  5:51  Barracks  
  49  5:54  SCV  
  49  5:56  SCV, Combat Shield, Stimpack  
  51  6:01  Marauder  
  51  6:04  Marine x2  
  53  6:05  Marauder  
  53  6:08  SCV  
  53  6:10  Supply Depot  
  58  6:16  SCV  
  58  6:20  SCV  
  58  6:21  Marine x2  
  58  6:24  Marine  
  62  6:27  Factory Reactor  
  62  6:29  Supply Depot  
  62  6:33  Supply Depot  
  62  6:38  Barracks Tech Lab  
  62  6:40  Supply Depot, Barracks Tech Lab  
  62  6:41  SCV x2, Marine  
  62  6:42  Marauder  
  62  6:44  Medivac  
  69  6:50  Medivac  
  69  6:51  Marine x2  
  69  6:53  SCV x2  
  75  6:56  Supply Depot  
  75  7:00  Refinery  
  75  7:03  Engineering Bay  
  75  7:04  Concussive Shells  
  75  7:06  SCV x2, Marauder  
  79  7:09  Marauder  
  81  7:17  Medivac, Marine x3  
  81  7:18  SCV  
  81  7:20  Marauder  
  89  7:28  Marauder  
  91  7:30  Marine  
  91  7:35  Marine  
  91  7:36  Ghost Academy  
  93  7:38  Supply Depot  
  93  7:39  Supply Depot  
  93  7:40  Terran Infantry Weapons Level 1  
  93  7:43  Marine x2  
  93  7:44  Marauder  
  97  7:48  SCV, Marine  
  98  7:53  Marine  
  98  7:54  Marauder  
  101  8:00  Medivac  
  101  8:01  Marine  
  104  8:06  Marine  
  104  8:07  Marauder  
  107  8:13  Supply Depot  
  107  8:14  Supply Depot  
  106  8:22  Marine x2  
  106  8:23  Marauder  
  108  8:28  Medivac  
  108  8:30  Medivac  
  108  8:31  SCV x2  
  108  8:33  Marauder, Marine  
  117  8:39  Marine  
  117  8:40  Marine x2  
  120  8:44  Marauder  
  122  8:51  Marauder  
  122  8:54  Marine  
  125  8:57  Marine  
  125  8:58  Medivac  
  125  8:59  Marine  
  125  9:00  Command Center  
  129  9:06  Marine x2  
  131  9:12  Marauder, Marine  
  134  9:20  Supply Depot x2  
  133  9:25  Marauder  
  133  9:30  Medivac x2  
  118  9:32  Marine  
  118  9:33  Marauder, Marine x3  
  118  9:35  SCV  
  123  9:52  Marauder, Marine x2  
  85  10:00  Medivac x2  
  112  10:09  Marine x2  
  112  10:10  Marauder, Marine x2  
  116  10:14  Marauder  
Tags
 
Add a new tag
Caveats
  • Supply blocks, unpowered buildings, or Contaminate may cause inaccurate times.
  • Supply counts are checked every 10 seconds.